AoeStats
← dean03110206

Arena

506400525Analyzed
4v4 RM · 18d ago on Sep 13, 2026· 44m 29s· 8 players
Game mode
Random Map
Map size
Large (8 player)
Population
200
Speed
Normal
Resources
Standard
Victory
Conquest
Starting age
Dark Age
Ending age
Imperial Age
RankedLock teamsTeams togetherTeam positionsShared explorationLock speedFull tech treeHidden civsTurbo modeCheats
Victory
Defeat
🇺🇸 Persians · United States
1071
+15
🇫🇷 Jurchens · France
1016
+17
🇹🇼 Celts · Taiwan
1010
+17
🇭🇰 Spanish · Hong Kong SAR China
967
+19
🇨🇳 Franks · China
1090
-20
🇨🇳 Burgundians · China
1062
-18
🇨🇳 Huns · China
1039
-17
🇦🇷 Tatars · Argentina
949
-13
Mr Frundles5508
11:16 Feudal Age
14:43 Castle Age
13:02 Double-Bit Axe
13:32 Horse Collar
16:24 Wheelbarrow
17:17 Bow Saw
19:15 Heavy Plow
21:56 Hand Cart
25:36 Fervor
25:20 Loom
25:29 Gold Mining
25:31 Stone Mining
26:21 Bloodlines
26:12 Husbandry
27:17 Scale Barding Armor
27:22 Forging
30:16 Imperial Age
29:11 Chain Barding Armor
29:26 Iron Casting
30:04 Caravan
30:26 Masonry
30:04 Cavalier
32:18 Blast Furnace
31:53 Plate Barding Armor
31:47 Savar
34:15 Light Cavalry
36:09 Two-Man Saw
35:56 Hussar
37:35 Gold Shaft Mining
37:41 Stone Shaft Mining
37:35 Citadels
39:04 Conscription
39:12 Elite War Elephant
dean03110206
0:28 Loom
12:20 Feudal Age
17:03 Castle Age
16:08 Double-Bit Axe
22:11 Wheelbarrow
26:17 Hand Cart
27:04 Fortified Wall
27:11 Gold Mining
27:11 Stone Mining
27:48 Bow Saw
28:39 Horse Collar
32:41 Imperial Age
31:34 Pikeman
32:01 Gambesons
33:57 Stronghold
33:46 Heavy Scorpion
33:47 Onager
34:44 Furor Celtica
35:52 Heavy Plow
36:03 Light Cavalry
38:22 Chemistry
37:28 Siege Engineers
37:02 Hussar
38:44 Halberdier
Pippin le bref
11:38 Feudal Age
16:03 Castle Age
14:54 Loom
15:45 Wheelbarrow
14:53 Horse Collar
15:16 Double-Bit Axe
23:29 Bow Saw
24:11 Heavy Plow
26:34 Town Watch
29:25 Imperial Age
27:29 Murder Holes
27:45 Fortified Wall
27:46 Masonry
28:00 Scale Mail Armor
27:51 Fletching
28:15 Arson
28:30 Squires
28:16 Gambesons
28:46 Forging
30:00 Siege Engineers
31:53 Chemistry
31:56 Thunderclap Bombs
32:57 Architecture
33:37 Elite Fire Lancer
34:40 Gold Mining
34:24 Heavy Rocket Cart
35:28 Chain Mail Armor
35:48 Iron Casting
36:29 Two-Man Saw
36:21 Crop Rotation
36:58 Bodkin Arrow
37:19 Town Patrol
37:35 Hand Cart
39:33 Blast Furnace
38:22 Pikeman
39:07 Bracer
39:25 Halberdier
40:51 Gold Shaft Mining
40:06 Stone Mining
40:20 Padded Archer Armor
40:26 Scale Barding Armor
40:49 Ballistics
40:00 Capped Ram
41:41 Siege Ram
43:15 Man-at-Arms
44:02 Scale Barding Armor
44:14 Leather Archer Armor
43:41 Treadmill Crane
43:51 Guard Tower
43:47 Arrowslits
44:07 Siphons
44:17 Clinker Construction
44:17 Careening
43:42 Sappers
44:33 Conscription
44:49 Hoardings
45:09 Stone Shaft Mining
45:35 Keep
Kingssiu
0:27 Loom
11:48 Feudal Age
15:34 Castle Age
13:59 Double-Bit Axe
14:21 Horse Collar
31:35 Imperial Age
29:58 Padded Archer Armor
30:57 Leather Archer Armor
30:42 Town Watch
31:49 Wheelbarrow
32:05 Bloodlines
31:56 Husbandry
32:21 Bow Saw
32:58 Ring Archer Armor
32:57 Conscription
33:50 Chemistry
33:27 Gambesons
33:42 Squires
33:28 Arson
34:07 Pikeman
35:38 Heavy Plow
37:08 Forging
37:00 Scale Mail Armor
36:52 Fletching
37:37 Halberdier
39:20 Chain Mail Armor
39:41 Iron Casting
39:02 Bodkin Arrow
44:54 Blast Furnace
44:24 Plate Mail Armor
43:54 Bracer
破晓之铭
11:33 Feudal Age
15:21 Castle Age
13:39 Double-Bit Axe
14:29 Horse Collar
16:21 Bow Saw
16:55 Heavy Plow
22:59 Gold Mining
25:41 Wheelbarrow
29:51 Imperial Age
28:42 Gold Shaft Mining
28:01 Fletching
29:00 Bodkin Arrow
29:06 Padded Archer Armor
29:52 Hand Cart
30:09 Thumb Ring
30:31 Bloodlines
30:53 Conscription
30:11 Heavy Cavalry Archer
30:56 Loom
30:42 Capped Ram
32:39 Two-Man Saw
32:17 Ballistics
32:30 Bracer
32:48 Leather Archer Armor
32:36 Husbandry
33:05 Town Watch
34:27 Chemistry
34:19 Parthian Tactics
34:08 Siege Ram
41:14 Forging
41:10 Scale Barding Armor
41:17 Light Cavalry
43:01 Chain Barding Armor
43:17 Iron Casting
43:00 Caravan
43:30 Hussar
spiral
1:22 Loom
7:48 Double-Bit Axe
14:39 Feudal Age
14:07 Gold Mining
15:44 Wheelbarrow
15:39 Horse Collar
17:14 Bow Saw
21:53 Castle Age
21:04 Stone Mining
22:10 Hand Cart
22:09 Loom
24:27 Heavy Plow
25:07 Gold Shaft Mining
24:31 Cavalier
26:01 Crop Rotation
28:13 Two-Man Saw
27:32 Husbandry
28:26 Forging
28:07 Fletching
31:31 Iron Casting
30:52 Bodkin Arrow
34:57 Stone Shaft Mining
44:42 Imperial Age
CHANCHI
10:54 Feudal Age
11:22 Double-Bit Axe
11:19 Horse Collar
17:46 Castle Age
18:37 Bow Saw
18:29 Heavy Plow
18:31 Gold Mining
20:34 Wheelbarrow
20:48 Fletching
20:59 Padded Archer Armor
22:55 Hand Cart
24:25 Bodkin Arrow
24:52 Leather Archer Armor
25:01 Town Watch
25:03 Loom
27:53 Ballistics
33:41 Imperial Age
34:46 Bracer
35:17 Ring Archer Armor
34:28 Heavy Cavalry Archer
36:38 Chemistry
默默心雨
12:19 Feudal Age
16:24 Castle Age
14:30 Double-Bit Axe
18:47 Bow Saw
18:50 Loom
22:30 Stone Mining
24:06 Wheelbarrow
23:58 Gold Mining
25:34 Gold Shaft Mining
26:19 Hand Cart
30:48 Imperial Age
28:59 Scale Barding Armor
29:04 Forging
30:00 Husbandry
30:25 Chain Barding Armor
31:11 Iron Casting
30:57 Squires
30:44 Gambesons
32:06 Scale Mail Armor
31:33 Cavalier
33:25 Chemistry
32:49 Ballistics
34:15 Conscription
33:16 Elite Throwing Axeman
34:29 Paladin
37:56 Blast Furnace
39:10 Plate Barding Armor
38:50 Chain Mail Armor
43:01 Plate Mail Armor
Connection lost

Rejoining the realm…

Still unreachable

The connection could not be restored.

Session expired

The server has moved on; the page needs a fresh start.